 Dungeon Crawl Stone Soup version 0.28-a0-313-gbc0475efdd (webtiles) character file.

Game seed: 15004445452914953189

23 runemasterragnar the Bolt Thrower (level 3, -1/33 HPs)
             Began as a Kobold Hunter on Aug 31, 2021.
             Slain by an orc (7 damage)
             ... on level 2 of the Dungeon.
             The game lasted 00:01:13 (470 turns).

runemasterragnar the Bolt Thrower (Kobold Hunter)    Turns: 470, Time: 00:01:14

Health: -1/33      AC: 21    Str:  9    XL:     3   Next: 12%
Magic:  3/3        EV:  3    Int: 12    God:
Gold:   13         SH:  0    Dex: 16    Spells: 2/2 levels left

rFire   . . .      SeeInvis .   (weapon restricted)
rCold   . . .      Faith    .   (shield restricted)
rNeg    + + +      Spirit   .   (armour currently unavailable)
rPois   +          Reflect  .   (helmet currently unavailable)
rElec   .          Harm     .   (cloak currently unavailable)
rCorr   .          Rampage  .   (gloves currently unavailable)
Will    .....      NoTele   +   (boots currently unavailable)
Stlth   +++.......              (no amulet)
HPRegen 0.11/turn               (no ring)
MPRegen 0.08/turn               (no ring)

@: tree-form
A: stationary, stasis, torment immunity, boosted hp, small, no large weapons,
nightstalker 3
a: no special abilities


You were on level 2 of the Dungeon.
You were a tree.
You visited 1 branch of the dungeon, and saw 2 of its levels.

You collected 13 gold pieces.

Inventory:

Hand Weapons
 a - a +1 hand crossbow
 b - a +0 short sword
Missiles
 d - 10 bolts
Armour
 c - a +0 leather armour (melded)
 f - a +1 pair of gloves (melded)
Jewellery
 e - an amulet of guardian spirit
Scrolls
 g - a scroll of identify {unknown}
 h - 3 scrolls of fog {unknown}


   Skills:
 + Level 2.4 Fighting
 * Level 1.8 Short Blades
 + Level 5.0 Crossbows
 + Level 2.7 Dodging
 + Level 2.2 Stealth


You had 2 spell levels left.
You didn't know any spells.
Your spell library was empty.

Dungeon Overview and Level Annotations

Branches:
Dungeon (1/15)

Altars:


Innate Abilities, Weirdness & Mutations

You are a tree.
Your roots penetrate the ground, keeping you stationary.
You cannot be teleported.
You are immune to unholy pain and torment.
Your maximum health is greatly increased.
Your equipment is partially melded.
You are small and have problems with some larger weapons.
You are completely attuned to the shadows.


Message History

The bolt hits the orc priest but does no damage.
The orc priest is moderately wounded.
The orc hits you but does no damage. The orc completely misses you.
Unknown command.
Fire: 13 bolts
Press: ? - help, Q - select action Shift-Dir - straight line, f/p - orc priest
Aim: an orc priest, wielding a +0 hand axe and wearing a +0 leather armour (moderately wounded, 67% to hit)
You shoot a bolt. The bolt barely misses the orc.
The bolt hits the orc priest!
The orc priest is almost dead.
The orc hits you but does no damage. x3
Unknown command.
Fire: 12 bolts
Press: ? - help, Q - select action Shift-Dir - straight line, f/p - orc priest
Aim: an orc priest, wielding a +0 hand axe and wearing a +0 leather armour (almost dead, 67% to hit)
You shoot a bolt. The bolt hits the orc.
The orc is severely wounded.
The orc hits you from afar with a +0 trident.
* * * LOW HITPOINT WARNING * * *
The orc hits you but does no damage.
Unknown command.
Fire: 11 bolts
Press: ? - help, Q - select action Shift-Dir - straight line, f/p - orc priest
Aim: an orc priest, wielding a +0 hand axe and wearing a +0 leather armour (almost dead, 67% to hit)
You shoot a bolt. The bolt hits the orc!
You kill the orc!
The bat hits you but does no damage. The orc barely misses you.
The orc hits you from afar with a +0 trident.
* * * LOW HITPOINT WARNING * * *
Your Crossbows skill increases to level 5!
Unknown command.
Fire: 10 bolts
Press: ? - help, Q - select action Shift-Dir - straight line, f/p - orc priest
Aim: an orc priest, wielding a +0 hand axe and wearing a +0 leather armour (almost dead, 67% to hit)
Okay, then.
You are now empty-handed.
You hit the orc priest.
You kill the orc priest!
The bat hits you but does no damage. x2
The orc hits you from afar with a +0 trident!
You die...

..# ###..###
..# #......#
+##
#.##...####
#. ##.....#
..###.....##
............
######
#.###.......
.....#.####
##..###
####.#.....
##♣#
...#.#....#
###b#####
...#.#....#
#..()o<..#
..........#
#....(.o.#
..#.##....#
#........#
..........#
#........#
<.........#
........#
...###....#
...# ####.#


You could see an orc and a bat.

Vanquished Creatures
  An orc priest (D:2)
  3 orcs (D:2)
  A ball python (D:2)
  6 endoplasms
  A kobold (D:1)
  A quokka (D:1)
  2 bats
  2 frilled lizards (D:1)
  2 rats
19 creatures vanquished.

Notes
Turn   | Place    | Note
-------+----------+-------------------------------------------
     0 | D:1      | runemasterragnar the Kobold Hunter began the quest for the
                  | Orb.
     0 | D:1      | Reached XP level 1. HP: 12/12 MP: 1/1
   116 | D:1      | Reached XP level 2. HP: 18/18 MP: 2/2
   152 | D:1      | Reached skill level 1 in Short Blades
   340 | D:1      | You fall into a shaft and drop 1 floor!
   465 | D:2      | Reached XP level 3. HP: 12/22 MP: 3/3
   469 | D:2      | Reached skill level 5 in Crossbows
   470 | D:2      | Slain by an orc

Illustrated notes

Levels and vault maps discovered:
D:1:      heliophobic_arrival_glass_houses, layout_basic
D:2:      layout_basic

Skill      XL: |  1  2  3 |
---------------+----------+-----
Short Blades   | 1 |  1.8
Stealth        | 2 |  2.2
Crossbows      | 5 |  5.0
Fighting       | |  2.4
Dodging        | |  2.7

Action                   || total
-------------------------++-------
Melee: Short sword       ||    28
       Unarmed           ||     1
 Fire: Hand crossbow     ||    10
  Use: Potion            ||     1
 Stab: Sleeping          ||    10
Armor: Skin              ||    19
       Leather armour    ||     2
Dodge: Dodged            ||    17

Table legend: (Time is in decaauts)
 A = Elapsed time spent in this place.
 B = Non-inter-level travel time spent in this place.
 C = Inter-level travel time spent in this place.
 D = Time resting spent in this place.
 E = Time spent auto-exploring this place.
 F = Levels seen in this place.
 G = Mean time per level.
                   A        B        C        D        E       F      G
               +--------+--------+--------+--------+--------+-----+--------+
         Total |    472 |    472 |      0 |      0 |    366 |   2 |  236.0 |
       Dungeon |    472 |    472 |      0 |      0 |    366 |   2 |  236.0 |
               +--------+--------+--------+--------+--------+-----+--------+

Top non-repeatable levels by time:
     D:1: 340 daAuts
     D:2: 131 daAuts
